 Dungeon Crawl Stone Soup version 0.28-a0-422-gd71735cc25 (webtiles) character file.

Game seed: 118388269039364523

2825 robertstho the Thaumaturge (level 10, 0/67 HPs)
             Began as a Djinni Fire Elementalist on Sept 8, 2021.
             Was an Initiate of Gozag.
             Slain by a gnoll sergeant (4 damage)
             ... on level 6 of the Dungeon.
             The game lasted 00:10:08 (7853 turns).

robertstho the Thaumaturge (DjFE)                   Turns: 7853, Time: 00:10:09

Health: 0/67       AC:  2    Str:  7    XL:     10   Next: 3%
Gold:   430        EV: 12    Int: 26    God:    Gozag SH:  0 Dex: 14

rFire   + + +      SeeInvis .   u - +4 dagger
rCold   x x .      Faith    .   (no shield)
rNeg    . . .      Spirit   .   a - +0 robe
rPois   ∞          Reflect  .   (no helmet)
rElec   .          Harm     .   (no cloak)
rCorr   .          Rampage  .   (no gloves)
Will    +....                   (boots unavailable)
Stlth   ++........              (no amulet)
HPRegen 0.21/turn               c - +6 ring of intelligence
MPRegen 0.00/turn               l - ring of fire

@: about to teleport, flying
A: sickness immunity, fire resistance 2, cold vulnerability 1, float, innate
caster, hp casting, extra vitality 1
a: Renounce Religion, Potion Petition, Call Merchant, Bribe Branch


You were on level 6 of the Dungeon.
You worshipped Gozag.
Gozag was aware of your devotion.
You visited 1 branch of the dungeon, and saw 6 of its levels.

You collected 471 gold pieces.
You paid 41 gold pieces to Gozag.

Inventory:

Hand Weapons
 u - a +4 dagger (weapon)
Missiles
 x - 2 throwing nets
Armour
 a - a +0 robe (worn)
Jewellery
 b - a ring of see invisible
 c - a +6 ring of intelligence (left hand)
 l - a ring of fire (right hand)
Wands
 d - a wand of iceblast (6)
 f - a wand of acid (8)
Scrolls
 e - a scroll of magic mapping
 g - 2 scrolls of teleportation
 k - 2 scrolls of immolation
 n - a scroll of silence
 v - a scroll of fog {unknown}
 w - a scroll of enchant weapon {unknown}
Potions
 h - a potion of might
 i - 4 potions of degeneration {unknown}
 j - a potion of magic {unknown}
 m - 2 potions of curing {unknown}
 o - a potion of lignification {unknown}
 p - a potion of attraction {unknown}
 q - a potion of ambrosia {unknown}
 r - 3 potions of brilliance {unknown}
 s - 2 potions of heal wounds {unknown}
 t - 2 potions of berserk rage


   Skills:
 * Level 3.9 Fighting
 + Level 2.6 Dodging
 + Level 2.5 Stealth
 * Level 9.6 Spellcasting


You had 7 spell levels left.
You knew the following spells:

 Your Spells              Type           Power      Damage    Failure   Level
a - Foxfire               Conj/Fire      100%       2x1d9     1%          1
b - Scorch                Fire           100%       2d10      1%          2
c - Conjure Flame         Conj/Fire      76%        6-21      1%          3
d - Inner Flame           Hex/Fire       76%        N/A       1%          3
e - Flame Wave            Conj/Fire      76%        3d13      1%          4
f - Sting                 Tmut/Pois      100%       1d8       1%          1
g - Static Discharge      Conj/Air       58%        N/A       1%          2
h - Slow                  Hex            58%        N/A       1%          2
i - Ozocubu's Armour      Ice            58%        N/A       1%          3
Your spell library was empty.

Dungeon Overview and Level Annotations

Branches:
Dungeon (6/15)             Temple (0/1) D:5

Altars:
Gozag
Nemelex Xobeh
Qazlal
Zin
The Shining One

Shops:
D:3 (

Annotations:
D:5 3 runed translucent doors, Gmanzz2004's ghost, amateur TrTm


Innate Abilities, Weirdness & Mutations

You are immune to sickness and miasma.
You are immune to poison.
Your flesh is very heat resistant. (rF++)
You are vulnerable to cold. (rC-)
You float through the air rather than walking.
You learn spells naturally, not from books.
Your magical power is your life essence.
You have superior vitality. (+4 HP)


Message History

Press: ? - help, Q - select action, (/) - cycle Dir - look around, f - activate You feel a surge of power!
You conjure some foxfire!
The foxfire hits the gnoll sergeant but does no damage.
The foxfire hits the gnoll sergeant.
The gnoll sergeant is lightly wounded.
The gnoll sergeant hits you from afar with a +2 vorpal spear.
Casting: Foxfire (safe; 1% risk of failure)
Press: ? - help, Q - select action, (/) - cycle Dir - look around, f - activate You feel a surge of power!
You conjure some foxfire!
The foxfire hits the gnoll sergeant.
The gnoll sergeant is moderately wounded.
The foxfire hits the gnoll sergeant!
The gnoll sergeant is severely wounded.
The gnoll sergeant hits you from afar with a +2 vorpal spear!
Casting: Foxfire (safe; 1% risk of failure)
Press: ? - help, Q - select action, (/) - cycle Dir - look around, f - activate You feel a surge of power!
You conjure some foxfire!
The foxfire hits the gnoll sergeant.
The gnoll sergeant is almost dead.
The gnoll sergeant hits you from afar with a +2 vorpal spear!
Casting: Foxfire (safe; 1% risk of failure)
Confirm with . or Enter, or press ? or * to list all spells.
You feel a surge of power!
Flames lash the gnoll.
The gnoll is severely wounded.
The gnoll's fire resistance burns away.
The foxfire hits the gnoll sergeant.
The gnoll sergeant is almost dead.
The foxfire hits the gnoll sergeant but does no damage.
The gnoll sergeant is almost dead.
The foxfire hits the gnoll sergeant but does no damage.
The gnoll sergeant is almost dead.
The gnoll sergeant hits you from afar with a +2 vorpal spear!
* * * LOW HITPOINT WARNING * * *
x2
Okay, then.
As you read the scroll of teleportation, it crumbles to dust.
You feel strangely unstable.
The gnoll is no longer more vulnerable to fire.
The gnoll sergeant hits you from afar with a +2 vorpal spear!
* * * LOW HITPOINT WARNING * * *
You die...
Your body crumbles into a pile of gold.

####''####
#...# #...#
#...# #...##
#....#
####.## #
#..### #.#
##@..###...#
#.#g.gg.#
#...g#...
#.#.....#
#...#......
######.....
#####


You could see a gnoll sergeant and 3 gnolls.

Vanquished Creatures
  Pikel (D:5)
  Grinder (D:3)
  Sigmund (D:3)
  A steam dragon (D:6)
  Duvessa (D:5)
  An orc warrior (D:4)
  A sky beast (D:3)
  A black bear (D:4)
  A necrophage (D:4)
  2 ogres
  A centaur (D:6)
  A lemure (D:5)
  A phantom (D:6)
  A bullfrog (D:6)
  A wyvern zombie (D:5)
  A scorpion (D:4)
  Dowan (D:5)
  2 howler monkeys
  A jelly (D:4)
  2 orc priests (D:4)
  4 hounds
  2 bullfrog skeletons
  Ijyb (D:5)
  5 iguanas
  A gnoll shaman (D:6)
  A hound skeleton (D:4)
  A howler monkey zombie (D:5)
  12 gnolls
  11 adders
  A white imp (D:6)
  A worm (D:2)
  3 dart slugs
  7 orcs
  6 ball pythons
  8 endoplasms
  A giant cockroach (D:1)
  7 goblins
  9 hobgoblins
  3 jackals (D:2)
  9 kobolds
  12 quokkas
  3 bats
  A frilled lizard (D:1)
  6 rats
138 creatures vanquished.

Vanquished Creatures (others)
  560 foxfires
560 creatures vanquished.

Grand Total: 698 creatures vanquished

Notes
Turn   | Place    | Note
-------+----------+-------------------------------------------
     0 | D:1      | robertstho the Djinni Fire Elementalist began the quest for
                  | the Orb.
     0 | D:1      | Reached XP level 1. HP: 15/15 MP: 0/0
   358 | D:1      | Reached XP level 2. HP: 18/21 MP: 0/0
   660 | D:1      | Reached skill level 3 in Spellcasting
   765 | D:1      | Reached XP level 3. HP: 22/25 MP: 0/0
   765 | D:1      | Learned a level 1 spell: Sting
  1762 | D:2      | Reached XP level 4. HP: 27/31 MP: 0/0
  2226 | D:2      | Reached skill level 1 in Fighting
  2392 | D:2      | Found a faded altar of an unknown god.
  3078 | D:3      | Found Viyteo's Weapon Shoppe.
  3093 | D:3      | Reached XP level 5. HP: 34/37 MP: 0/0
  3093 | D:3      | Learned a level 2 spell: Static Discharge
  3170 | D:3      | Noticed a sky beast
  3175 | D:3      | Killed a sky beast
  3176 | D:3      | Reached skill level 4 in Spellcasting
  3176 | D:3      | Reached XP level 6. HP: 38/42 MP: 0/0
  3483 | D:3      | Noticed Sigmund
  3492 | D:3      | Killed Sigmund
  3493 | D:3      | Reached skill level 5 in Spellcasting
  3493 | D:3      | Reached XP level 7. HP: 43/48 MP: 0/0
  3493 | D:3      | Learned a level 2 spell: Slow
  3796 | D:3      | Found a stormy altar of Qazlal.
  3922 | D:3      | Found a sparkling altar of Nemelex Xobeh.
  4009 | D:3      | Noticed Grinder
  4029 | D:3      | Killed Grinder
  4483 | D:4      | Reached skill level 6 in Spellcasting
  4560 | D:4      | Reached XP level 8. HP: 31/55 MP: 0/0
  5031 | D:4      | Reached skill level 7 in Spellcasting
  5061 | D:4      | Found an opulent altar of Gozag.
  5061 | D:4      | Found a glowing silver altar of Zin.
  5128 | D:4      | Became a worshipper of Gozag Ym Sagoz the Greedy
  5269 | D:4      | Found a glowing golden altar of the Shining One.
  5757 | D:5      | Entered Level 5 of the Dungeon
  5852 | D:5      | Noticed Ijyb
  5854 | D:5      | Killed Ijyb
  5855 | D:5      | Reached XP level 9. HP: 51/60 MP: 0/0
  5855 | D:5      | Learned a level 3 spell: Ozocubu's Armour
  6034 | D:5      | Reached skill level 8 in Spellcasting
  6034 | D:5      | Noticed Dowan
  6038 | D:5      | Noticed Duvessa
  6303 | D:5      | Killed Duvessa
  6313 | D:5      | Killed Dowan
  6513 | D:5      | Found a runed translucent gate.
  6513 | D:5      | Found a runed translucent gate.
  6517 | D:5      | Found a runed translucent gate.
  6519 | D:5      | Noticed Gmanzz2004's ghost (amateur TrTm)
  6553 | D:5      | Found a staircase to the Ecumenical Temple.
  6557 | D:5      | Noticed Pikel
  6570 | D:5      | Killed Pikel
  6571 | D:5      | Reached skill level 9 in Spellcasting
  7657 | D:6      | Reached XP level 10. HP: 35/67 MP: 0/0
  7853 | D:6      | Slain by a gnoll sergeant

Illustrated notes

Levels and vault maps discovered:
D:1:      psy_arrival_radial02, layout_loops_ring
D:2:      layout_basic, hellmonk_ecumenical_altar_run_dry,
          minmay_misc_feat_encased
D:3:      layout_basic, mainiacjoe_overflow_chevrons,
          nemelex_xobeh_ov_fountains_minmay, serial_shops,
          nicolae_shop_waterfront, minmay_cupped, uniq_grinder, uniq_sigmund
D:4:      layout_rooms, grunt_temple_overflow_gold_and_silver,
          mainiacjoe_overflow_24_doors, hangedman_minor_gate_pass
D:5:      layout_basic, minmay_temple_entry_stoned_glass,
          ebering_ghost_rock_garden, uniq_ijyb, uniq_duvessa, uniq_pikel
D:6:      layout_basic, minmay_misc_feat_five, minmay_misc_feat_enclosed,
          kennysheep_generic_room_7

Skill      XL: |  1  2  3  4  5  6  7  8  9 |
---------------+----------------------------+-----
Spellcasting   | 3 4 5 6 7 9 |  9.6
Fighting       | 1 2 3 |  3.9
Stealth        | 2 |  2.5
Dodging        | |  2.6

Action                   |  1- 3 |  4- 6 |  7- 9 | 10-12 || total
-------------------------+-------+-------+-------+-------++-------
Melee: Dagger            |       |     4 |     4 |       ||     8
 Cast: Foxfire           |    75 |    74 |   185 |     9 ||   343
       Scorch            |       |    10 |    45 |     2 ||    57
       Flame Wave        |       |       |     9 |       ||     9
       Ozocubu's Armour  |       |       |     1 |       ||     1
  Use: Scroll            |       |     2 |     6 |     1 ||     9
Armor: Robe              |     3 |       |     8 |       ||    11
Dodge: Dodged            |     2 |     6 |    23 |       ||    31

Table legend: (Time is in decaauts)
 A = Elapsed time spent in this place.
 B = Non-inter-level travel time spent in this place.
 C = Inter-level travel time spent in this place.
 D = Time resting spent in this place.
 E = Time spent auto-exploring this place.
 F = Levels seen in this place.
 G = Mean time per level.
                   A        B        C        D        E       F      G
               +--------+--------+--------+--------+--------+-----+--------+
         Total |   7852 |   7612 |    240 |    442 |   6250 |   6 | 1308.7 |
       Dungeon |   7852 |   7612 |    240 |    442 |   6250 |   6 | 1308.7 |
               +--------+--------+--------+--------+--------+-----+--------+

Top non-repeatable levels by time:
     D:3: 1872 daAuts
     D:1: 1541 daAuts
     D:2: 1342 daAuts
     D:4: 1180 daAuts
     D:5: 1158 daAuts
     D:6: 757 daAuts
